[Event "Titled Tuesday Blitz November 07 Late 2023"]
[White "Oparin, Grigoriy"]
[Black "Aarav Dengla"]
[WhiteFideId "24125890"]
[BlackFideId "45059756"]
[WhiteElo "3001"]
[BlackElo "2628"]
[Result "1-0"]
[Round "2"]
[TimeControl "180+1"]
[Date "2023.11.07"]
[WhiteClock "0:00:47"]
[BlackClock "0:00:04"]
[Board "13"]

1. c4 e6 2. Nc3 d5 3. d4 a6 4. cxd5 exd5 5. Nf3 h6 6. Bf4 Nf6 7. e3 Bd6 8. Bd3 Bxf4 9. exf4 Bg4 10. h3 Bxf3 11. Qxf3 Nc6 12. O-O-O O-O 13. Bc2 Qd6 14. g4 Nh7 15. Qxd5 Qxf4+ 16. Kb1 Rad8 17. Qe4 Qxe4 18. Bxe4 Nxd4 19. Bxb7 Rd6 20. Rhe1 Ng5 21. Bd5 Nb5 22. Ne4 Nxe4 23. Bxe4 Rfd8 24. Rxd6 Rxd6 25. Kc1 g6 26. Rd1 Rf6 27. f3 Nd6 28. Bd5 Rf4 29. Kc2 Kg7 30. a3 a5 31. Rd3 Nb5 32. Kd2 Rf6 33. Ke3 Rb6 34. Rb3 Kf6 35. f4 Ke7 36. a4 Nd6 37. Rxb6 cxb6 38. Kd4 g5 39. fxg5 hxg5 40. Bb3 Nb7 41. Kd5 Nc5 42. Bc2 Kd7 43. Bf5+ Ke7 44. Bc2 Kd7 45. b3 f6 46. Bd1 Kc7 47. Bc2 Kd7 48. Bf5+ Kc7 49. Bh7 Kd7 50. Bc2 Kc7 51. Bd1 Kd7 52. Bc2 Kc7 53. Bf5 Nxb3 54. Ke6 Nd4+ 55. Kxf6 Nxf5 56. gxf5 b5 57. axb5 a4 58. Kg6 a3 59. f6 a2 60. f7 a1=Q 61. f8=Q Qh1 62. Qc5+ Kd8 63. Qd6+ 1-0


[Site "https://www.chess.com"]

[Event "Titled Tuesday Blitz November 07 Late 2023"]
[White "Perske, Thore"]
[Black "Drygalov, Andrey"]
[WhiteFideId "12902195"]
[BlackFideId "24171735"]
[WhiteElo "2628"]
[BlackElo "2986"]
[Result "1-0"]
[Round "2"]
[TimeControl "180+1"]
[Date "2023.11.07"]
[WhiteClock "0:00:07"]
[BlackClock "0:00:04"]
[Board "14"]

1. d4 Nf6 2. g3 d5 3. Bg2 Bf5 4. Nf3 c6 5. c4 e6 6. Nc3 Nbd7 7. Nh4 Bg4 8. h3 Bh5 9. g4 Bg6 10. Qb3 Qb6 11. Nxg6 hxg6 12. Bf4 Be7 13. c5 Qxb3 14. axb3 a6 15. b4 Rc8 16. f3 Nh7 17. h4 Bf6 18. O-O-O Nhf8 19. g5 Bxd4 20. Rxd4 e5 21. Bxe5 Nxe5 22. Bh3 Ne6 23. Bxe6 fxe6 24. b3 Ke7 25. Kd2 Rcf8 26. Nd1 Nf7 27. Rg4 e5 28. Nf2 Ke6 29. e3 Rh5 30. Ke2 Rfh8 31. Rh3 Ra8 32. Rh1 a5 33. Ra1 Rah8 34. bxa5 Rxh4 35. Rxh4 Rxh4 36. a6 bxa6 37. Rxa6 Nd8 38. Ra7 Rb4 39. Rxg7 Rxb3 40. Rxg6+ Kf7 41. Rd6 Ke7 42. Ng4 Rb2+ 43. Kd3 Rb3+ 44. Kd2 Nf7 45. Rxc6 Nxg5 46. Nxe5 Ra3 47. Rd6 Ra2+ 48. Kd3 Ne6 49. Rxd5 Ra3+ 50. Ke4 Kf6 51. Ng4+ Ke7 52. f4 Rc3 53. Re5 Kd7 54. Nf6+ Ke7 55. Nd5+ Kf7 56. Nxc3 Nc7 57. Nd5 Na6 58. Rf5+ Ke8 59. c6 Nc5+ 60. Kf3 Kd8 61. Rf7 Ne6 62. c7+ Kc8 63. Re7 Nd4+ 64. exd4 Kb7 65. Nf6 Kc8 66. d5 Kb7 67. d6 Kc8 68. Re8+ Kb7 69. c8=Q+ Kb6 70. Qc7+ 1-0


[Site "https://www.chess.com"]

[Event "Titled Tuesday Blitz November 07 Late 2023"]
[White "Zakaryan, David"]
[Black "Deac, Bogdan-Daniel"]
[WhiteFideId "24101923"]
[BlackFideId "1226380"]
[WhiteElo "2625"]
[BlackElo "2977"]
[Result "0-1"]
[Round "2"]
[TimeControl "180+1"]
[Date "2023.11.07"]
[WhiteClock "0:00:04"]
[BlackClock "0:01:05"]
[Board "15"]

1. d4 Nf6 2. c4 g6 3. f3 Nc6 4. d5 Ne5 5. e4 d6 6. Nc3 Bg7 7. Be2 c6 8. f4 Ned7 9. Nf3 Nc5 10. dxc6 Nfxe4 11. Nxe4 Nxe4 12. Qd5 Nc5 13. h4 Be6 14. Qd2 bxc6 15. Nd4 Qb6 16. Nxe6 Nxe6 17. h5 Nd4 18. Bd1 d5 19. cxd5 O-O-O 20. Qf2 Rxd5 21. O-O Ne2+ 22. Bxe2 Bd4 23. f5 Rxf5 24. Bg4 Bxf2+ 25. Kh2 Bc5 0-1


[Site "https://www.chess.com"]

[Event "Titled Tuesday Blitz November 07 Late 2023"]
[White "Hong, Andrew"]
[Black "Bujisho, Benjamin"]
[WhiteFideId "2099438"]
[BlackFideId "608610"]
[WhiteElo "2976"]
[BlackElo "2624"]
[Result "1-0"]
[Round "2"]
[TimeControl "180+1"]
[Date "2023.11.07"]
[WhiteClock "0:01:21"]
[BlackClock "0:00:23"]
[Board "16"]

1. d4 d6 2. Nc3 d5 3. Bf4 e6 4. Nb5 Bd6 5. Nxd6+ cxd6 6. e3 Nc6 7. c3 h6 8. Bd3 Nf6 9. Nf3 Qe7 10. Bg3 Bd7 11. Qb3 Nh5 12. Bh4 g5 13. Bg3 Nxg3 14. hxg3 Rb8 15. a4 Kf8 16. a5 Kg7 17. Qa3 b5 18. axb6 axb6 19. Bb5 Na5 20. Be2 Ra8 21. O-O Bc6 22. Qb4 Qc7 23. Nd2 f5 24. Rfc1 g4 25. c4 dxc4 26. Nxc4 Nxc4 27. Rxa8 Bxa8 28. Rxc4 Qb7 29. f3 gxf3 30. Bxf3 Qd7 31. Qxb6 Rc8 32. Rxc8 Qxc8 33. Qa7+ Kg6 34. Qxa8 1-0


[Site "https://www.chess.com"]

[Event "Titled Tuesday Blitz November 07 Late 2023"]
[White "reevecanada"]
[Black "Rasulov, Vugar"]
[BlackFideId "13402390"]
[WhiteElo "2621"]
[BlackElo "2971"]
[Result "1-0"]
[Round "2"]
[TimeControl "180+1"]
[Date "2023.11.07"]
[WhiteClock "0:00:05"]
[BlackClock "0:00:02"]
[Board "17"]

1. e4 e5 2. Nf3 Nf6 3. Nxe5 d5 4. exd5 Qxd5 5. Nf3 Nc6 6. d4 Bg4 7. Be2 O-O-O 8. c3 Bd6 9. h3 Qh5 10. O-O Bxh3 11. Ne5 Qh4 12. g3 Qe4 13. Bf3 Qf5 14. Nxc6 bxc6 15. Bxc6 Bxf1 16. Qxf1 Qa5 17. Be3 Nd5 18. Qh3+ Kb8 19. b4 Bxb4 20. cxb4 Nxb4 21. Be4 g6 22. Nc3 f5 23. Bh1 c6 24. Rb1 Ka8 25. Qf1 Rb8 26. Qc4 Rhc8 27. Rb3 a6 28. a3 Nd5 29. Nxd5 cxd5 30. Bxd5+ Ka7 31. Rxb8 Rxb8 32. Bf3 Qb5 33. d5+ Ka8 34. d6+ Rb7 35. Qc8# 1-0


[Site "https://www.chess.com"]

[Event "Titled Tuesday Blitz November 07 Late 2023"]
[White "Makhnev, Denis"]
[Black "Seemann, Jakub"]
[WhiteFideId "13707647"]
[BlackFideId "21874697"]
[WhiteElo "2970"]
[BlackElo "2617"]
[Result "0-1"]
[Round "2"]
[TimeControl "180+1"]
[Date "2023.11.07"]
[WhiteClock "0:00:09"]
[BlackClock "0:00:27"]
[Board "18"]

1. d4 Nf6 2. c4 e6 3. Nf3 d5 4. g3 Bb4+ 5. Bd2 a5 6. Bg2 O-O 7. a3 Be7 8. Qc2 c6 9. O-O Nbd7 10. Bf4 b6 11. Rd1 Ba6 12. Ne5 Nxe5 13. dxe5 Nd7 14. cxd5 cxd5 15. e4 Rc8 16. Nc3 d4 17. Rxd4 Qc7 18. Rad1 Nxe5 19. Qa4 Bc5 20. R4d2 h6 21. h4 g5 22. hxg5 hxg5 23. Bxe5 Qxe5 24. Kh2 Kg7 25. Bf3 Rh8+ 26. Kg2 Rh6 27. Rh1 Rxh1 28. Kxh1 Bxf2 29. Rxf2 Qxg3 30. Rg2 Rh8+ 31. Kg1 Qe1# 0-1


[Site "https://www.chess.com"]

[Event "Titled Tuesday Blitz November 07 Late 2023"]
[White "aghasiyevkamal"]
[Black "Makarian, Rudik"]
[BlackFideId "44105681"]
[WhiteElo "2616"]
[BlackElo "2968"]
[Result "0-1"]
[Round "2"]
[TimeControl "180+1"]
[Date "2023.11.07"]
[WhiteClock "0:00:04"]
[BlackClock "0:00:02"]
[Board "19"]

1. e4 c5 2. Nf3 d6 3. Bb5+ Nd7 4. a4 a6 5. Be2 Ngf6 6. Nc3 b6 7. d4 cxd4 8. Nxd4 Bb7 9. O-O e6 10. f4 Qc7 11. Bf3 Be7 12. Kh1 O-O 13. g4 h6 14. h4 d5 15. exd5 Nxd5 16. Nxd5 Bxd5 17. Bxd5 exd5 18. g5 hxg5 19. hxg5 Nc5 20. Qh5 g6 21. Qh3 Ne4 22. Kg2 f6 23. Rh1 Kf7 24. Qe6+ Ke8 25. Qxd5 Rd8 26. Qxe4 fxg5 27. Rh7 Rf7 28. Qxg6 Bc5 29. Bd2 Qb7+ 30. Kh2 Rxd4 31. Re1+ Kd8 32. Qg8+ Bf8 33. Qxf7 Rxd2+ 34. Kh3 Qg2# 0-1


[Site "https://www.chess.com"]

[Event "Titled Tuesday Blitz November 07 Late 2023"]
[White "Sarana, Alexey"]
[Black "GatoRojo150"]
[WhiteFideId "24133795"]
[WhiteElo "2965"]
[BlackElo "2614"]
[Result "1-0"]
[Round "2"]
[TimeControl "180+1"]
[Date "2023.11.07"]
[WhiteClock "0:01:28"]
[BlackClock "0:00:11"]
[Board "20"]

1. d4 d5 2. c4 dxc4 3. Nf3 Nf6 4. e3 Bg4 5. Bxc4 e6 6. h3 Bh5 7. O-O Nc6 8. Nc3 Bd6 9. Be2 O-O 10. Nd2 Bxe2 11. Qxe2 a6 12. Nc4 e5 13. d5 Ne7 14. e4 b5 15. Nxd6 cxd6 16. Bg5 Nd7 17. Rfc1 f6 18. Be3 Ng6 19. Qg4 Kh8 20. a4 b4 21. Ne2 f5 22. exf5 Nf6 23. Qxb4 Nxd5 24. Qe4 Nf6 25. Qd3 Ne7 26. Ng3 d5 27. Bc5 e4 28. Qd4 Qd7 29. b4 Nxf5 30. Nxf5 Qxf5 31. Bxf8 Rxf8 32. b5 Nh5 33. Rc7 axb5 34. axb5 Qg5 35. Raa7 Nf4 36. Qxg7+ Qxg7 37. Rxg7 Ne6 38. Rxh7+ Kg8 39. Rhe7 Rf6 40. Ra8+ Nf8 41. Ree8 d4 42. Rxf8+ Rxf8 43. Rxf8+ Kxf8 44. b6 d3 45. b7 d2 46. b8=Q+ Ke7 47. Qb1 d1=Q+ 48. Qxd1 1-0


[Site "https://www.chess.com"]

[Event "Titled Tuesday Blitz November 07 Late 2023"]
[White "ArtemDyachuk"]
[Black "Matlakov, Maxim"]
[BlackFideId "4168003"]
[WhiteElo "2613"]
[BlackElo "2960"]
[Result "0-1"]
[Round "2"]
[TimeControl "180+1"]
[Date "2023.11.07"]
[WhiteClock "0:00:00"]
[BlackClock "0:01:21"]
[Board "21"]

1. e4 c5 2. Nf3 e6 3. d4 cxd4 4. Nxd4 Nc6 5. Nc3 Qc7 6. Be3 a6 7. f4 b5 8. Bd3 Bb7 9. Qf3 Nf6 10. O-O h5 11. h3 h4 12. Rae1 Nxd4 13. Bxd4 Bc5 14. Qf2 Rc8 15. Kh1 Nh5 16. Ne2 Bxd4 17. Qxd4 Qc5 18. c3 Qxd4 19. cxd4 Ke7 20. Kg1 g6 21. a3 f5 22. exf5 gxf5 23. Nc3 Rhg8 24. Rf2 Kd6 25. Re5 Rg3 26. Bf1 Rcg8 27. Kh2 Nxf4 28. Nxb5+ axb5 29. Rxf4 Bxg2 0-1


[Site "https://www.chess.com"]

[Event "Titled Tuesday Blitz November 07 Late 2023"]
[White "Sjugirov, Sanan"]
[Black "TintinUndercover"]
[WhiteFideId "4189302"]
[WhiteElo "2957"]
[BlackElo "2609"]
[Result "1-0"]
[Round "2"]
[TimeControl "180+1"]
[Date "2023.11.07"]
[WhiteClock "0:01:30"]
[BlackClock "0:00:00"]
[Board "22"]

1. e4 c5 2. Nf3 Nc6 3. Bb5 g6 4. O-O Bg7 5. Re1 Nf6 6. Bxc6 bxc6 7. e5 Nd5 8. c4 Nc7 9. Nc3 O-O 10. d4 cxd4 11. Qxd4 d6 12. Qh4 Re8 13. Bh6 Bxe5 14. Nxe5 dxe5 15. Rad1 Bd7 16. Rxe5 Ne6 17. Rxe6 Bxe6 18. Rxd8 Raxd8 19. h3 c5 20. Be3 Rc8 21. b3 f6 22. Ne4 Bf7 23. Nxc5 Red8 24. Ne4 Rc6 25. Bxa7 Ra8 26. Bc5 g5 27. Nxg5 fxg5 28. Qxg5+ Rg6 29. Qe5 Rxa2 30. Bd4 Rf6 31. Qxe7 Re6 32. Qd8+ Be8 33. Qc7 Bf7 34. Qb8+ Be8 35. Qg3+ Bg6 36. h4 Rc2 37. h5 Re1+ 38. Kh2 Rcc1 39. Qb8+ Be8 40. Qc7 Bf7 41. Qd8+ Be8 42. Qf6 Rh1+ 43. Kg3 1-0


[Site "https://www.chess.com"]

[Event "Titled Tuesday Blitz November 07 Late 2023"]
[White "Roebers, Eline"]
[Black "Khismatullin, Denis"]
[WhiteFideId "1058401"]
[BlackFideId "4142578"]
[WhiteElo "2609"]
[BlackElo "2952"]
[Result "1-0"]
[Round "2"]
[TimeControl "180+1"]
[Date "2023.11.07"]
[WhiteClock "0:00:14"]
[BlackClock "0:00:00"]
[Board "23"]

1. e4 c5 2. Nf3 d6 3. d4 cxd4 4. Nxd4 Nf6 5. Nc3 a6 6. Rg1 g6 7. g4 Bg7 8. Be3 Nc6 9. g5 Nd7 10. Qd2 Nde5 11. Be2 Na5 12. b3 O-O 13. h4 e6 14. h5 Bd7 15. f4 Nec6 16. Bf3 Rc8 17. Nce2 Nxd4 18. Bxd4 e5 19. Bb2 Nc6 20. O-O-O Qb6 21. Kb1 Rfd8 22. hxg6 hxg6 23. f5 gxf5 24. g6 Rf8 25. gxf7+ Rxf7 26. exf5 Nb4 27. f6 Bf5 28. Qh6 Qc7 29. Nc3 Bxc2+ 30. Ka1 Bf5 31. a3 Nc2+ 32. Ka2 Be6 33. Bd5 Bxd5 34. Nxd5 Qd7 35. fxg7 1-0


[Site "https://www.chess.com"]

[Event "Titled Tuesday Blitz November 07 Late 2023"]
[White "Aravindh, Chithambaram VR."]
[Black "Fiorito, Francisco"]
[WhiteFideId "5072786"]
[BlackFideId "180165"]
[WhiteElo "2940"]
[BlackElo "2605"]
[Result "1-0"]
[Round "2"]
[TimeControl "180+1"]
[Date "2023.11.07"]
[WhiteClock "0:00:10"]
[BlackClock "0:00:01"]
[Board "24"]

1. b3 Nf6 2. Bb2 g6 3. Nf3 Bg7 4. g3 d6 5. d4 c5 6. Bg2 cxd4 7. Nxd4 O-O 8. O-O d5 9. Nf3 Nc6 10. Nbd2 Bf5 11. c4 d4 12. b4 Ne4 13. b5 Na5 14. Nxe4 Bxe4 15. Rc1 Rc8 16. c5 e5 17. Qa4 Bd5 18. Rfd1 a6 19. bxa6 bxa6 20. Nxd4 Bxg2 21. Nb3 Qe7 22. Kxg2 Nxb3 23. axb3 Rxc5 24. Rd7 Qe6 25. Rxc5 h5 26. h4 g5 27. hxg5 h4 28. Rcc7 hxg3 29. Kxg3 e4 30. Bxg7 Kxg7 31. Qd4+ Kg8 32. Qf6 Qxb3+ 33. Kg2 e3 34. g6 Qe6 35. Qxe6 fxe6 36. Rg7+ 1-0


[Site "https://www.chess.com"]

[Event "Titled Tuesday Blitz November 07 Late 2023"]
[White "Principe, Gerson"]
[Black "Rostovtsev, Dmitry"]
[WhiteFideId "3804550"]
[BlackFideId "34278320"]
[WhiteElo "2604"]
[BlackElo "2929"]
[Result "0-1"]
[Round "2"]
[TimeControl "180+1"]
[Date "2023.11.07"]
[WhiteClock "0:00:03"]
[BlackClock "0:00:12"]
[Board "25"]

1. d4 Nf6 2. Nf3 e6 3. c4 d5 4. Nc3 h6 5. Bf4 Bd6 6. Bxd6 Qxd6 7. e3 O-O 8. Be2 dxc4 9. Bxc4 c5 10. O-O Qe7 11. dxc5 Qxc5 12. Qe2 Nc6 13. Rac1 Qe7 14. Rfd1 a6 15. e4 b5 16. Bd3 Bb7 17. e5 Nd7 18. Qe4 g6 19. Qe3 Kg7 20. Be4 Rfd8 21. Qf4 Rac8 22. h4 Nb6 23. Bxc6 Bxc6 24. Ne4 Bxe4 25. Qxe4 Nd5 26. a3 Rc7 27. Rxc7 Qxc7 28. h5 Nc3 29. bxc3 Rxd1+ 30. Kh2 Qc4 31. Qe3 g5 32. Nxg5 hxg5 33. Qxg5+ Kf8 34. h6 Qe4 35. Qg7+ Ke7 36. Qf6+ Ke8 37. Qh8+ Kd7 38. Kg3 Rd3+ 39. f3 Qg6+ 40. Kh3 Rd1 41. Kh2 Qh5+ 42. Kg3 Qg5+ 43. Kh2 Qh4# 0-1


[Site "https://www.chess.com"]

[Event "Titled Tuesday Blitz November 07 Late 2023"]
[White "Bortnyk, Mykola"]
[Black "Nasir, Zehn"]
[WhiteFideId "14120836"]
[BlackFideId "2613239"]
[WhiteElo "2924"]
[BlackElo "2604"]
[Result "1-0"]
[Round "2"]
[TimeControl "180+1"]
[Date "2023.11.07"]
[WhiteClock "0:00:40"]
[BlackClock "0:01:06"]
[Board "26"]

1. e4 c6 2. d4 d5 3. Nc3 dxe4 4. Nxe4 Bf5 5. Ng3 Bg6 6. h4 h6 7. Nh3 Nf6 8. Nf4 Bh7 9. c3 e6 10. Nfh5 Nbd7 11. Bc4 Nxh5 12. Nxh5 Nf6 13. Bf4 Nxh5 14. Qxh5 Bd6 15. Be5 Bg6 16. Qe2 Bxe5 17. Qxe5 O-O 18. h5 Bh7 19. Rh3 Qf6 20. Qe3 b5 21. Bb3 a5 22. a4 b4 23. Kf1 Rab8 24. Bc4 bxc3 25. bxc3 Rb2 26. Kg1 Rfb8 27. Qg3 Bf5 28. Rh4 Rc2 29. Qxb8+ Kh7 30. Qg3 1-0


[Site "https://www.chess.com"]

[Event "Titled Tuesday Blitz November 07 Late 2023"]
[White "Sivakumar, Shaaketh"]
[Black "Chigaev, Maksim"]
[WhiteFideId "30940176"]
[BlackFideId "4108116"]
[WhiteElo "2600"]
[BlackElo "2923"]
[Result "1-0"]
[Round "2"]
[TimeControl "180+1"]
[Date "2023.11.07"]
[WhiteClock "0:00:42"]
[BlackClock "0:00:00"]
[Board "27"]

1. e4 c5 2. Nf3 d6 3. d4 cxd4 4. Qxd4 Nf6 5. Bb5+ Nc6 6. c4 g6 7. Nc3 Bg7 8. O-O O-O 9. Qe3 Bg4 10. Bxc6 bxc6 11. e5 Nd7 12. exd6 exd6 13. Qf4 Bxf3 14. Qxf3 Ne5 15. Qf4 d5 16. cxd5 cxd5 17. Rd1 d4 18. Be3 dxe3 19. Rxd8 exf2+ 20. Qxf2 Raxd8 21. Rd1 Ng4 22. Qf4 Bxc3 23. Qxg4 Bxb2 24. Rd7 h5 25. Qa4 Rxd7 26. Qxd7 a5 27. Qd2 Rb8 28. Qxa5 Bd4+ 29. Kf1 Rb1+ 30. Ke2 Rb2+ 31. Kd3 Bf6 32. a4 Kg7 33. Qd5 Rb1 34. Kc4 Rc1+ 35. Kb5 Rb1+ 36. Kc6 Rc1+ 37. Kd7 Ra1 38. a5 Bc3 39. Qd3 Be5 40. a6 Ra5 41. Qe3 Bf6 42. a7 1-0


[Site "https://www.chess.com"]

[Event "Titled Tuesday Blitz November 07 Late 2023"]
[White "Kovalev, Vladislav"]
[Black "Ozates, Tuna"]
[WhiteFideId "13504398"]
[BlackFideId "6354521"]
[WhiteElo "2920"]
[BlackElo "2598"]
[Result "1-0"]
[Round "2"]
[TimeControl "180+1"]
[Date "2023.11.07"]
[WhiteClock "0:00:10"]
[BlackClock "0:00:07"]
[Board "28"]

1. e4 e5 2. Nf3 Nc6 3. Bb5 a6 4. Ba4 Nge7 5. c3 g6 6. d4 exd4 7. cxd4 Bg7 8. O-O O-O 9. Nc3 b5 10. Bb3 Na5 11. Bc2 d6 12. h3 c5 13. Bf4 cxd4 14. Nxd4 d5 15. exd5 Nxd5 16. Nxd5 Qxd5 17. Nb3 Qxd1 18. Raxd1 Nc4 19. Nc5 Nxb2 20. Rd6 Nc4 21. Rc6 Be6 22. Re1 Bc3 23. Re2 Rac8 24. Rxc8 Bxc8 25. Re7 Bb4 26. Rc7 Nb6 27. Bb3 Bxc5 28. Rxc5 Be6 29. Rc6 Bxb3 30. axb3 Nd5 31. Bh6 Ra8 32. Rd6 Nc7 33. g4 a5 34. Rc6 Ne6 35. Rb6 a4 36. bxa4 bxa4 37. Rb2 a3 38. Ra2 Nd4 39. Kf1 Nc6 40. Bc1 Nb4 41. Rxa3 Rxa3 42. Bxa3 Nd5 43. Bb2 Nf4 44. h4 h5 45. gxh5 Nxh5 46. Kg2 Ng7 47. Kf3 Nf5 48. Kg4 Kh7 49. h5 Ng7 50. hxg6+ Kxg6 51. Bxg7 Kxg7 52. Kf5 Kg8 53. Kf6 Kf8 54. f4 Ke8 55. Kg7 Ke7 56. f5 f6 57. Kg6 Ke8 58. Kxf6 Kf8 59. Kg6 Kg8 60. Kf6 Kf8 61. Ke6 Ke8 62. f6 Kf8 63. f7 Kg7 64. Ke7 Kh8 65. f8=Q+ 1-0


[Site "https://www.chess.com"]

[Event "Titled Tuesday Blitz November 07 Late 2023"]
[White "Sturt, Raven"]
[Black "Melkumyan, Hrant"]
[WhiteFideId "2007304"]
[BlackFideId "13302485"]
[WhiteElo "2595"]
[BlackElo "2916"]
[Result "0-1"]
[Round "2"]
[TimeControl "180+1"]
[Date "2023.11.07"]
[WhiteClock "0:00:00"]
[BlackClock "0:00:10"]
[Board "29"]

1. f4 d5 2. Nf3 Nf6 3. e3 g6 4. b3 Bg7 5. Bb2 O-O 6. Be2 c5 7. O-O Nc6 8. Na3 a6 9. Ne5 Nxe5 10. fxe5 Nd7 11. d4 b5 12. c4 dxc4 13. bxc4 b4 14. Nc2 Bb7 15. Bf3 Qc7 16. Bxb7 Qxb7 17. Ne1 Rad8 18. Qb3 e6 19. Nd3 a5 20. Rac1 Qa7 21. d5 a4 22. Qc2 exd5 23. cxd5 c4 24. Nxb4 Qxe3+ 25. Kh1 Nxe5 26. Rce1 Qc5 27. Qc3 a3 28. Ba1 f6 29. Re4 Qa5 30. Rc1 Rd7 31. h3 Rb8 32. Nc6 Qxc3 33. Bxc3 Re8 34. Nxe5 fxe5 35. Rd1 Rc8 36. Kg1 Rc5 37. Bb4 Rdxd5 38. Rxd5 Rxd5 39. Rxc4 Rd1+ 40. Kf2 Rd3 41. Ke2 Rg3 42. Kf2 Rd3 43. Ke2 Rd5 44. Bxa3 Ra5 45. Rc8+ Kf7 46. Rc3 e4 47. Rb3 Bd4 48. g4 Ke6 49. Kd2 Kd5 50. Ke2 Kc4 51. Rb4+ Kd5 52. Rb3 Ra4 53. Rb5+ Kc4 54. Rb3 h6 55. h4 h5 56. gxh5 gxh5 57. Kd2 Kd5 58. Ke2 Ke6 59. Kd2 Kf5 60. Ke2 Be5 61. Ke3 Bf4+ 62. Ke2 Kg4 63. Bc5 Rxa2+ 64. Kf1 Kxh4 65. Rb4 Kg4 66. Rxe4 Kf3 67. Re1 Rc2 0-1


[Site "https://www.chess.com"]

[Event "Titled Tuesday Blitz November 07 Late 2023"]
[White "Bauman_Guy"]
[Black "Shapiro, Viktor"]
[BlackFideId "4175700"]
[WhiteElo "2910"]
[BlackElo "2594"]
[Result "1-0"]
[Round "2"]
[TimeControl "180+1"]
[Date "2023.11.07"]
[WhiteClock "0:02:29"]
[BlackClock "0:01:18"]
[Board "30"]

1. e4 Nf6 2. e5 Nd5 3. d4 d6 4. Bc4 Nb6 5. Bb3 dxe5 6. Qh5 e6 7. dxe5 c5 8. c4 Qd3 9. Nc3 Nxc4 10. Nge2 g6 11. Qh4 Nxe5 12. O-O Bg7 13. Rd1 O-O 14. Rxd3 Nxd3 15. Bh6 Nc6 16. Ne4 f5 17. Ng5 1-0


[Site "https://www.chess.com"]

[Event "Titled Tuesday Blitz November 07 Late 2023"]
[White "Sargsyan, Anna M."]
[Black "Zhigalko, Sergei"]
[WhiteFideId "13308130"]
[BlackFideId "13502956"]
[WhiteElo "2593"]
[BlackElo "2904"]
[Result "0-1"]
[Round "2"]
[TimeControl "180+1"]
[Date "2023.11.07"]
[WhiteClock "0:01:16"]
[BlackClock "0:01:41"]
[Board "31"]

1. e4 c5 2. Nf3 Nc6 3. Bb5 Nf6 4. e5 Nd5 5. O-O Nc7 6. Bxc6 dxc6 7. h3 h6 8. Re1 Bf5 9. d3 Ne6 10. Be3 g5 11. Nbd2 Bg7 12. Rb1 Qd5 13. a3 O-O 14. b4 cxb4 15. axb4 Rfd8 16. Qe2 Bg6 17. h4 g4 18. Nh2 h5 19. Nc4 b5 20. Na5 Bxe5 21. Nf1 Bf6 22. g3 Bc3 23. Red1 Rd7 24. d4 Bxd4 25. c3 Bxb1 26. cxd4 Be4 0-1


[Site "https://www.chess.com"]

[Event "Titled Tuesday Blitz November 07 Late 2023"]
[White "Salinas Herrera, Pablo"]
[Black "Pinheiro, Iung Alicio de O."]
[WhiteFideId "3407128"]
[BlackFideId "2104350"]
[WhiteElo "2903"]
[BlackElo "2593"]
[Result "1-0"]
[Round "2"]
[TimeControl "180+1"]
[Date "2023.11.07"]
[WhiteClock "0:00:48"]
[BlackClock "0:00:00"]
[Board "32"]

1. d4 Nf6 2. Nf3 e6 3. Bf4 c5 4. e3 b6 5. Nbd2 cxd4 6. exd4 Bb7 7. Nc4 d6 8. Bd3 b5 9. Ne3 a6 10. a4 b4 11. Nc4 a5 12. O-O Be7 13. Nfd2 O-O 14. Nb3 Nc6 15. Re1 Nd5 16. Bg3 Re8 17. Qh5 Nf6 18. Qb5 Qc7 19. Qb6 Qd7 20. Ncxa5 Reb8 21. Bb5 Nd5 22. Bxc6 Bxc6 23. Qxc6 Qd8 24. Nb7 Qf8 25. a5 Rc8 26. Qb5 Nc7 27. Qd3 Na6 28. Rec1 Rc7 29. Qb5 Ra7 30. N7c5 Nxc5 31. dxc5 Rcb7 32. Qc4 dxc5 33. a6 Rd7 34. Rd1 1-0


[Site "https://www.chess.com"]

[Event "Titled Tuesday Blitz November 07 Late 2023"]
[White "Atanasov, Anthony"]
[Black "Bachmann, Axel"]
[WhiteFideId "2623897"]
[BlackFideId "3700488"]
[WhiteElo "2592"]
[BlackElo "2876"]
[Result "0-1"]
[Round "2"]
[TimeControl "180+1"]
[Date "2023.11.07"]
[WhiteClock "0:00:17"]
[BlackClock "0:02:06"]
[Board "33"]

1. d4 d5 2. Bf4 c5 3. Nf3 cxd4 4. c3 Qb6 5. cxd4 Qxb2 6. Nbd2 Nc6 7. Rb1 Qxa2 8. e4 e6 9. Ra1 Qb2 10. Rb1 Qa3 11. Ra1 Qb4 12. Rb1 Qa5 13. Ra1 Qd8 14. Bb5 Nf6 15. Ne5 Bd7 16. Nxd7 Qxd7 17. e5 Ne4 18. Nxe4 dxe4 19. O-O a6 20. Qe2 Be7 21. Qxe4 O-O 22. Bd3 g6 23. Bh6 Rfd8 24. Be3 Nxd4 25. Bxd4 Qxd4 26. Qxb7 Ra7 0-1


[Site "https://www.chess.com"]

[Event "Titled Tuesday Blitz November 07 Late 2023"]
[White "Tologon tegin, Semetei"]
[Black "Mikaelyan, Arman"]
[WhiteFideId "13800574"]
[BlackFideId "13304852"]
[WhiteElo "2579"]
[BlackElo "2863"]
[Result "0-1"]
[Round "2"]
[TimeControl "180+1"]
[Date "2023.11.07"]
[WhiteClock "0:00:07"]
[BlackClock "0:00:03"]
[Board "35"]

1. Nc3 d5 2. d4 Nf6 3. Bf4 a6 4. e3 e6 5. Nf3 Be7 6. Bd3 c5 7. dxc5 Bxc5 8. O-O Nbd7 9. e4 dxe4 10. Nxe4 Nxe4 11. Bxe4 Nf6 12. Bd3 b6 13. Qe2 Bb7 14. Rad1 Qe7 15. Bg5 h6 16. Bh4 O-O 17. Ne5 Rfd8 18. Ng4 Rd4 19. Bxf6 gxf6 20. c3 Rf4 21. b4 Bd6 22. Bc2 f5 23. Ne3 Rd8 24. Rd2 Rh4 25. h3 Qg5 26. Rfd1 Bc7 27. Rxd8+ Bxd8 28. Rd4 Rxd4 29. cxd4 Bf6 30. Qd2 Bxg2 31. f4 Qxf4 32. Qxg2+ Kh7 33. Qf2 Qg5+ 34. Ng2 Be7 35. Qe1 Bd6 36. Kf1 b5 37. a3 Qf6 38. Qe3 Qg6 39. Kf2 h5 40. Nf4 Qg5 41. Ng2 Qg6 42. Nf4 Qg5 43. Ng2 Qg7 44. Qf3 Qh6 45. Ne3 h4 46. Nxf5 exf5 47. Qxf5+ Kg7 48. Qg4+ Kf8 49. Qc8+ Ke7 50. Qb7+ Kf6 51. Qf3+ Bf4 52. d5 Qg5 53. Qc3+ Be5 54. Qf3+ Ke7 55. Qf5 Qd2+ 56. Kf3 Qc3+ 57. Kg4 Qg3+ 58. Kh5 Qg7 59. Qg5+ Qxg5+ 60. Kxg5 Bb2 61. Kf5 Bxa3 62. Be4 Bxb4 63. Kg5 Be1 64. Kf4 a5 65. Ke3 a4 66. Kd3 Kd6 67. Kc2 b4 68. Bg2 b3+ 69. Kb2 Bg3 70. Ka3 f5 71. Bf3 Be5 72. Bd1 f4 73. Kxa4 b2 74. Bc2 f3 75. Kb3 f2 76. Ka2 f1=Q 77. Bd3 Qd1 0-1


[Site "https://www.chess.com"]

[Event "Titled Tuesday Blitz November 07 Late 2023"]
[White "Henriquez Villagra, Cristobal"]
[Black "Cremisi, Daniel"]
[WhiteFideId "3409350"]
[BlackFideId "2089882"]
[WhiteElo "2862"]
[BlackElo "2578"]
[Result "0-1"]
[Round "2"]
[TimeControl "180+1"]
[Date "2023.11.07"]
[WhiteClock "0:00:17"]
[BlackClock "0:00:16"]
[Board "36"]

1. d4 d5 2. Nd2 Nf6 3. e3 c5 4. c3 cxd4 5. exd4 Nc6 6. Ngf3 Bg4 7. Be2 e6 8. O-O Bd6 9. h3 Bh5 10. Ne5 Bxe2 11. Qxe2 Bxe5 12. dxe5 Nd7 13. Nf3 O-O 14. Bf4 Rb8 15. Rad1 b5 16. Nd4 Nxd4 17. Rxd4 a5 18. Qg4 Kh8 19. Qh5 f6 20. exf6 Nxf6 21. Qe2 Rb6 22. Be5 Nd7 23. Re1 Nxe5 24. Qxe5 Qf6 25. Qxf6 gxf6 26. f4 f5 27. Re2 Kg7 28. a4 Kf6 29. axb5 Rxb5 30. Ra4 Rfb8 31. Ra2 Rc8 32. Kf2 Rc4 33. g3 a4 34. Rd2 Rb3 35. Ke3 a3 36. Rxa3 Rxa3 37. bxa3 Rxc3+ 38. Rd3 Rxd3+ 39. Kxd3 h5 40. Kd4 Ke7 41. Kc5 Kd7 42. Kb5 e5 43. Kc5 e4 44. Kd4 Kc6 45. a4 Kb6 46. Ke3 Kc5 47. g4 d4+ 48. Ke2 d3+ 49. Ke3 fxg4 50. hxg4 hxg4 51. f5 g3 52. f6 Kd6 53. f7 Ke7 54. a5 g2 55. Kf2 g1=Q+ 56. Kxg1 d2 0-1


[Site "https://www.chess.com"]